 Dungeon Crawl Stone Soup version 0.27-a0-1272-g7c8ad2e407 (webtiles) character file.

Game seed: 7833320688775212264

26 Froggeryz the Ruffian (level 2, 0/23 HPs)
             Began as a Draconian Transmuter on June 11, 2021.
             Slain by Crazy Yiuf
             ... wielding a +2 quarterstaff of chaos
              (1 damage)
             ... on level 2 of the Dungeon.
             The game lasted 00:01:47 (2640 turns).

Froggeryz the Ruffian (Draconian Transmuter)        Turns: 2640, Time: 00:01:47

Health: 0/23       AC:  5    Str: 12    XL:     2   Next: 89%
Magic:  4/5        EV: 12    Int: 13    God:
Gold:   45         SH:  0    Dex: 11    Spells: 4/5 levels left

rFire    . . .     SeeInvis .     - Unarmed
rCold    . . .     Faith    .   (no shield)
rNeg     . . .     Spirit   .   (armour unavailable)
rPois    .         Reflect  .   (helmet currently unavailable)
rElec    .         Harm     .   (no cloak)
rCorr    .         Rampage  .   e - +0 pair of gloves
Will     .....                  (boots currently unavailable)
Stlth    +.........             (no amulet)
HPRegen  0.07/turn              (no ring)
MPRegen  0.09/turn              (no ring)

@: appendages (expiring)
A: horns 2, talons 2, AC +4, unfitting armour, cold-blooded
a: End Transformation


You were on level 2 of the Dungeon.
You had temporarily grown beastly horns and talons.
You visited 1 branch of the dungeon, and saw 2 of its levels.

You collected 45 gold pieces.

Inventory:

Armour
 a - a +0 buckler
 e - a +0 pair of gloves (worn)
Potions
 b - a potion of haste {unknown}
 c - a potion of curing {unknown}
 d - a potion of degeneration {unknown}


   Skills:
 - Level 1.1 Fighting
 - Level 2.2 Dodging
 + Level 0.0 Shields
 * Level 3.8 Unarmed Combat
 - Level 2.0 Spellcasting
 - Level 2.0 Transmutations


You had 4 spell levels left.
You knew the following spells:

 Your Spells              Type           Power      Damage    Failure   Level
a - Beastly Appendage     Tmut           12%        N/A       11%         1

Your spell library contained the following spells:

 Spells                   Type           Power      Damage    Failure   Level
 Wereblood                Tmut           6%         N/A       17%         2
 Spider Form              Tmut/Pois      1%         N/A       45%         3
 Ice Form                 Ice/Tmut       3%         N/A       86%         4


Dungeon Overview and Level Annotations

Branches:
Dungeon (2/15)

Altars:

Shops:
D:2 [

Annotations:
D:2 Crazy Yiuf


Innate Abilities, Weirdness & Mutations

You have temporarily grown beastly horns and talons.
Your plain brown scales are hard. (AC +4)
You cannot fit into any form of body armour.
You are cold-blooded and may be slowed by cold attacks.


Message History

You can access your shopping list by pressing '$'.
There is a dry fountain here.
Things that are here:
a +1 whip of holy wrath; a goblin corpse
There is an open door here.
You open the door. You open the door.
There is an open door here.
Key pressed, stopping explore.
Found a stone staircase leading up.
Crazy Yiuf shouts!
Could not explore, unopened runed door.
There is a stone staircase leading down here.
There is an entrance to Nebaz's Antique Armour Shop here.
You can access your shopping list by pressing '$'.
Unknown command.
You can access your shopping list by pressing '$'.
Unknown command.
There is a dry fountain here.
Crazy Yiuf shouts!
Could not explore, unopened runed door.
Casting: Beastly Appendage (safe; 11% risk of failure)
Confirm with . or Enter, or press ? or * to list all spells.
You grow a pair of large bovine horns.
Your feet morph into talons.
As you open the door, it creaks loudly!
You barely miss Crazy Yiuf.
Crazy Yiuf says, "Seed sing eyeball!"
Crazy Yiuf hits you with a +2 quarterstaff of chaos.
You feel yourself slow down. Crazy Yiuf freezes you.
You closely miss Crazy Yiuf. You claw Crazy Yiuf.
Crazy Yiuf is lightly wounded.
Crazy Yiuf hits you with a +2 quarterstaff of chaos!
Crazy Yiuf freezes you. Crazy Yiuf barely misses you.
You barely miss Crazy Yiuf. Your headbutt misses Crazy Yiuf.
Crazy Yiuf is lightly wounded.
Your transformation is almost over.
You feel yourself speed up.
Crazy Yiuf hits you with a +2 quarterstaff of chaos!
* * * LOW HITPOINT WARNING * * *
Crazy Yiuf burns you.
You die...

##### ####...#######
.............# .###...#######
##### )###...# #.... ...#...###
♣♣♣♣♣######.... .........# ###
♣♣♣.♣.P#......... .....#####
#...#♣..♣.PP....####.. .....# ###
#...g@♣♣♣♣......# #.. .....###.#
#)..#♣♣ ♣♣P#..## #.. .........#
### ♣♣#### ### ..##.###.# ###
....)##### #.#
#.##.....################.#######
.>...............................
..##......###.#######[.....######
..........###.#### #...)..# #


You could see Crazy Yiuf.

Vanquished Creatures
  A worm (D:2)
  2 bats
  2 endoplasms
  2 giant cockroaches (D:1)
  3 goblins (D:2)
  2 jackals (D:1)
  A kobold (D:2)
  A quokka (D:1)
  2 ball pythons (D:1)
  2 frilled lizards (D:2)
  4 rats
22 creatures vanquished.

Notes
Turn   | Place    | Note
-------+----------+-------------------------------------------
     0 | D:1      | Froggeryz the Draconian Transmuter began the quest for the
                  | Orb.
     0 | D:1      | Reached XP level 1. HP: 16/16 MP: 3/3
   564 | D:1      | Reached XP level 2. HP: 23/23 MP: 5/5
   736 | D:1      | Found a faded altar of an unknown god.
  1320 | D:2      | Found Nebaz's Antique Armour Shop.
  1925 | D:2      | Found a runed translucent door.
  1926 | D:2      | Noticed Crazy Yiuf
  2640 | D:2      | HP: 1/23 [Crazy Yiuf/+2 quarterstaff of chaos (7)]
  2640 | D:2      | Slain by Crazy Yiuf

Illustrated notes

Levels and vault maps discovered:
D:1:      noname_arrival_rooms_in_the_neighbourhood, layout_basic,
          chequers_ecumenical_altar_lobes
D:2:      layout_basic, serial_shops,
          nicolae_shop_temple_entry_statues_fountains, minmay_misc_feat_encased,
          nrook_mini_vaults, grunt_decor_resistance, hangedman_decor_points,
          uniq_crazy_yiuf_cottage

Skill      XL: |  1 |
---------------+----+-----
Dodging        | 2 |  2.2
Fighting       | |  1.1
Unarmed Combat | |  3.8
Spellcasting   | |  2.0
Transmutations | |  2.0

Action                   || total
-------------------------++-------
Melee: Unarmed           ||   107
       Tailslap          ||     7
       Kick              ||     1
       Punch             ||     1
 Cast: Beastly Appendage ||     1
  Use: Scroll            ||     3
Armor: Skin              ||    24
Dodge: Dodged            ||    69

Table legend: (Time is in decaauts)
 A = Elapsed time spent in this place.
 B = Non-inter-level travel time spent in this place.
 C = Inter-level travel time spent in this place.
 D = Time resting spent in this place.
 E = Time spent auto-exploring this place.
 F = Levels seen in this place.
 G = Mean time per level.
                   A        B        C        D        E       F      G
               +--------+--------+--------+--------+--------+-----+--------+
         Total |   2633 |   2541 |     92 |    192 |   2119 |   2 | 1316.5 |
       Dungeon |   2633 |   2541 |     92 |    192 |   2119 |   2 | 1316.5 |
               +--------+--------+--------+--------+--------+-----+--------+

Top non-repeatable levels by time:
     D:2: 1360 daAuts
     D:1: 1273 daAuts
